 Dungeon Crawl Stone Soup version 0.30.0 (webtiles) character file.

Game seed: 411249419955232385

859 Persephone the Cleaver (level 8, -10/74 HPs)
             Began as a Hill Orc Monk on May 6, 2023.
             Was a Priest of Beogh.
             Mangled by an ogre
             ... wielding a +0 giant club
              (29 damage)
             ... on level 5 of the Dungeon.
             The game lasted 00:08:03 (3647 turns).

Persephone the Cleaver (Hill Orc Monk)              Turns: 3647, Time: 00:08:04

Health: -10/74     AC:  4    Str: 16    XL:     8   Next: 2%
Magic:  8/8        EV: 12    Int: 10    God:    Beogh [***...]
Gold:   234        SH:  0    Dex: 13    Spells: 7/7 levels left

rFire   . . .        t - +0 war axe
rCold   . . .        d - orb {light}
rNeg    . . .        v - +0 toga "Victory" {*Victory Clar}
rPois   .            k - +0 helmet
rElec   .            (no cloak)
rCorr   .            (no gloves)
SInv    .            q - +0 pair of boots
Will    .....        s - amulet of faith
Stlth   +            (no ring)
HPRegen 0.32/turn    (no ring)
MPRegen 0.11/turn

%: clarity, faith
@: glowing
A: no striking features
a: Renounce Religion, Smiting


You were on level 5 of the Dungeon.
You worshipped Beogh.
Beogh was most pleased with you.
You visited 1 branch of the dungeon, and saw 5 of its levels.

You collected 234 gold pieces.

Inventory:

Hand Weapons
 a - a +0 hand axe
 t - a +0 war axe (weapon)
Armour
 d - an orb of light (worn)
 e - a +0 chain mail
 k - a +0 helmet (worn)
 q - a +0 pair of boots (worn)
 v - the +0 toga "Victory" (worn) {*Victory Clar}
   (You found it on level 4 of the Dungeon)

   *Victory:  When the wearer kills a threatening monster, it has a chance to
   gain +1 AC, +1 Slay, and +1 Int, capping at +7.
   When the wearer uses a scroll or a potion with a hostile monster in sight,
   its bonuses reset to +0.
   Unequipping it also resets its bonuses to +0.
   Clar:      It protects you from confusion, rage, mesmerisation and fear.
Jewellery
 s - an amulet of faith (around neck)
 x - a ring of fire
Wands
 l - a wand of flame (25)
 y - a wand of digging (3)
Scrolls
 n - a scroll of fog {unknown}
 o - a scroll of teleportation {unknown}
 p - 2 scrolls of identify
 r - a scroll of poison {unknown}
 u - a scroll of vulnerability {unknown}
Potions
 b - 2 potions of invisibility {unknown}
 c - a potion of ambrosia
 g - 2 potions of haste
 h - a potion of attraction
 i - a potion of cancellation
 j - a potion of lignification {unknown}
 m - a potion of curing
 w - a potion of mutation {unknown}


   Skills:
 + Level 8.2 Fighting
 + Level 9.0 Axes
 - Level 2.6 Dodging


You had 7 spell levels left.
You didn't know any spells.
Your spell library contained the following spells:

 Spells                   Type           Power      Damage    Failure   Level
 Beastly Appendage        Tmut           0%         N/A       36%         1
 Kiss of Death            Conj/Necr      0%         2d5       36%         1
 Wereblood                Tmut           0%         N/A       50%         2
 Confusing Touch          Hex            0%         N/A       75%         3
 Spider Form              Tmut/Pois      0%         N/A       75%         3
 Dispel Undead            Necr           0%         3d6       98%         4
 Lee's Rapid Deconstruct  Erth           0%         3d4*      100%        5
 Yara's Violent Unravell  Hex/Tmut       0%         3d3       100%        5
 Dragon Form              Tmut           0%         N/A       100%        7


Dungeon Overview and Level Annotations

Branches:
Dungeon (5/15)             Temple (0/1) D:5

Altars:
Gozag

Shops:
D:3 (


Message History

Your orc wizard barely misses Blork the orc.
Blork the orc hits you with a +1 war axe of venom!
* * * LOW HITPOINT WARNING * * *
Blork the orc hits your orc wizard with a +1 war axe of venom!
Your orc wizard is poisoned.
The ogre barely misses you.
You barely miss Blork the orc.
Blork the orc is almost dead.
You slash the ogre!
You feel sick.
Your orc wizard hits Blork the orc with a +0 dagger.
Blork the orc gestures wildly while chanting.
Blork the orc seems to speed up.
The ogre hits you with a +0 giant club!
* * * LOW HITPOINT WARNING * * *
It was a potion of curing.
You feel better.
Blork the orc hits you with a +1 war axe of venom!
* * * LOW HITPOINT WARNING * * *
You are lethally poisoned!
Blork the orc hits your orc wizard with a +1 war axe of venom!
Your orc wizard gestures at Blork the orc while chanting.
Blork the orc resists with some effort.
Blork the orc grins evilly.
Blork the orc casts a spell at your orc wizard.
The puff of frost hits your orc wizard!
Your orc wizard dies!
Blork the orc shouts!
You hit Blork the orc.
You kill Blork the orc!
Beogh accepts your kill.
You hit the ogre but do no damage.
* * * LOW HITPOINT WARNING * * *
You feel very sick. The ogre closely misses you.
Your Axes skill increases to level 9!
You have reached level 8!
You feel better. The ogre barely misses you.
You slash the ogre!
The ogre is almost dead.
You feel better.
The ogre hits you with a +0 giant club!!
You die...

..o...# ##..### .#
#..# ## .# ....# ##..
##.# ###.# ..... #..
.# #.# ##...###.##.#.#
#.# ..$......##.#.#
#.# ......)O.##.#.# #
#.# ......)@.#....#
#.##
.#............###...##
......#.#$............
.#...#.#.#............
....#.#.#.#...#[......
.#...#.>.#..[.#.......
##.#.#.#.#...#.......
(..
#..#.#.#............
#### #.#
#...#.#.............


You could see an ogre.

Vanquished Creatures
  Sigmund (D:4)
  A phantom (D:5)
  Blork the orc (D:5)
  A gnoll sergeant (D:5)
  A scorpion (D:4)
  A jelly (D:4)
  An orc priest (D:4)
  A sleepcap (D:4)
  4 iguanas
  Jessica (D:2)
  2 orc wizards
  Robin (D:2)
  3 gnolls (D:5)
  6 adders
  2 worms (D:2)
  A dart slug (D:3)
  5 orcs
  5 ball pythons
  8 endoplasms
  A giant cockroach (D:4)
  15 goblins
  4 hobgoblins
  2 jackals (D:2)
  3 quokkas
  2 bats (D:2)
  A frilled lizard (D:3)
  12 kobolds
  3 rats (D:2)
89 creatures vanquished.

Vanquished Creatures (collateral kills)
  An orc (D:5)
1 creature vanquished.

Vanquished Creatures (others)
  An orc wizard (D:5)
  5 orcs
  A frilled lizard (D:3)
7 creatures vanquished.

Grand Total: 97 creatures vanquished

Notes
Turn   | Place    | Note
-------+----------+-------------------------------------------
     0 | D:1      | Persephone the Hill Orc Monk began the quest for the Orb.
     0 | D:1      | Reached XP level 1. HP: 19/19 MP: 1/1
   175 | D:1      | Reached XP level 2. HP: 21/27 MP: 2/2
   953 | D:2      | Reached XP level 3. HP: 30/33 MP: 3/3
   977 | D:2      | Noticed Robin
  1023 | D:2      | Killed Robin
  1024 | D:2      | Reached skill level 5 in Axes
  1139 | D:2      | Reached XP level 4. HP: 40/41 MP: 4/4
  1352 | D:2      | Noticed Jessica
  1358 | D:2      | Killed Jessica
  1359 | D:2      | Reached skill level 5 in Fighting
  1676 | D:3      | Became a worshipper of Beogh the Brigand
  1676 | D:3      | Reached * piety under Beogh
  1676 | D:3      | Reached ** piety under Beogh
  1746 | D:3      | Found Ypuawibb's Antique Weapon Shoppe.
  2180 | D:3      | Found an opulent altar of Gozag.
  2189 | D:3      | Reached XP level 5. HP: 48/48 MP: 5/5
  2360 | D:4      | Reached skill level 6 in Axes
  2391 | D:4      | Reached XP level 6. HP: 41/57 MP: 6/6
  2542 | D:4      | Reached skill level 7 in Axes
  2703 | D:4      | Found the +0 toga "Victory" {*Victory Clar}
  2827 | D:4      | Got Sif Muna's Omnibus of Silt and Transfiguration
  2929 | D:4      | Noticed Sigmund
  2940 | D:4      | Killed Sigmund
  2941 | D:4      | Reached XP level 7. HP: 44/66 MP: 7/7
  3182 | D:5      | Entered Level 5 of the Dungeon
  3185 | D:5      | Reached *** piety under Beogh
  3186 | D:5      | Reached skill level 8 in Axes
  3590 | D:5      | Found a staircase to the Ecumenical Temple.
  3631 | D:5      | Noticed Blork the orc
  3644 | D:5      | Killed Blork the orc
  3644 | D:5      | HP: 2/68 [poisoned by Blork the orc]
  3645 | D:5      | Reached skill level 9 in Axes
  3645 | D:5      | Reached XP level 8. HP: 2/74 MP: 8/8
  3647 | D:5      | Mangled by an ogre

Illustrated notes

Levels and vault maps discovered:
D:1:      nagdon_arrival_double_spiral, layout_loops_cross
D:2:      layout_basic, grunt_ministairs_10, uniq_robin, uniq_jessica
D:3:      layout_rooms, mainiacjoe_overflow_alcove_2, serial_corexii_hall,
          corexii_hall_statues_i, corexii_hall_statues_t,
          corexii_hall_statues_x, chequers_hall_statues_wall_a, serial_shops,
          shop, dreamdust_princess_bridge, kennysheep_generic_room_3
D:4:      layout_loops_cross, uniq_sigmund
D:5:      layout_loops_ring, minmay_temple_entry_grid, uniq_blork_the_orc,
          uniq_pikel

Skill      XL: |  1  2  3  4  5  6  7 |
---------------+----------------------+-----
Fighting       | 4 5 6 7 8 |  8.2
Axes           | 5 6 7 9 |  9.0
Dodging        | |  2.6

Action                     |  1- 3 |  4- 6 |  7- 9 || total
---------------------------+-------+-------+-------++-------
  Melee: Hand axe          |    93 |    56 |       ||   149
         War axe           |       |    67 |    43 ||   110
 Invoke: Convert to Beogh  |       |     1 |       ||     1
         Smiting           |       |       |     1 ||     1
    Use: Scroll            |     1 |     4 |       ||     5
         Potion            |       |       |     4 ||     4
   Stab: Distracted        |       |       |     1 ||     1
 Armour: Chain mail        |    52 |    70 |       ||   122
         Robe              |       |     1 |     8 ||     9
  Dodge: Dodged            |    21 |    44 |    26 ||    91
